AoeStats
← ribbly

Arabia

504820662Analyzed
1v1 RM · 24d ago on Sep 6, 2026· 24m 23s· 2 players
Game mode
Random Map
Map size
Tiny (2 player)
Population
200
Speed
Normal
Resources
Standard
Victory
Conquest
Starting age
Dark Age
Ending age
Imperial Age
RankedLock teamsTeams togetherTeam positionsShared explorationLock speedFull tech treeHidden civsTurbo modeCheats
Victory
Defeat
🇪🇸 Japanese · Spain
691
+18
🇪🇸 Spanish · Spain
732
-18
SeTaZ
10:19 Feudal Age
10:48 Double-Bit Axe
12:29 Gold Mining
22:55 Bloodlines
ribbly
6:00 Loom
10:27 Feudal Age
11:16 Horse Collar
13:22 Bloodlines
16:23 Arson
Connection lost

Rejoining the realm…

Still unreachable

The connection could not be restored.

Session expired

The server has moved on; the page needs a fresh start.